 Dungeon Sprint DCSS version 0.20-a0-1122-gb7cbeb9 (webtiles) character file.

16300000 Kidiri the Conqueror (level 27, -22/273 HPs)
             Began as a Centaur Gladiator on May 12, 2017.
             Was the Champion of Makhleb.
             Killed from afar by a dread (34 damage)
             ... with damnation
             ... in the Dungeon (Sprint VIII: "Arena of Blood").
             The game lasted 00:06:33 (163 turns).

Kidiri the Conqueror (Centaur Gladiator)             Turns: 163, Time: 00:06:34

Health: -22/273    AC: 10    Str: 19    XL:     27
Magic:  37/54      EV: 33    Int:  7    God:    Makhleb [******]
Gold:   0          SH:  0    Dex: 22    Spells: 80/80 levels left

rFire    + . .     SeeInvis +   l - +∞ Axe of Woe
rCold    . . .     Gourm    .   (shield currently unavailable)
rNeg     . . .     Faith    .   b - +0 leather armour
rPois    .         Spirit   .   c - +0 helmet
rElec    .         Reflect  .   (no cloak)
rCorr    .         Harm     .   (no gloves)
MR       ++...     NoTele   +   (no barding)
Stlth    +++++++++.             (no amulet)
Regen    0.6/turn               m - ring of see invisible
MPRegen  0.4/turn               n - ring of protection from fire

@: lethally poisoned (-22 -> -26), very slightly contaminated, very quick
A: hooves 3, deformed body, speed 2, tough skin 3
a: Minor Destruction, Lesser Servant of Makhleb, Major Destruction, Greater
Servant of Makhleb, Renounce Religion


You were in the Dungeon.
You worshipped Makhleb.
Makhleb was exalted by your worship.
You were not hungry.

You visited 1 branch

Inventory:

Hand Weapons
 a - a +0 war axe
 l - the +∞ Axe of Woe (weapon)
   (You found it in the Dungeon)
Missiles
 d - 3 throwing nets (quivered)
Armour
 b - a +0 leather armour (worn)
 c - a +0 helmet (worn)
Jewellery
 m - a ring of see invisible (left hand)
 n - a ring of protection from fire (right hand)
Potions
 g - a potion of heal wounds
 h - a potion of haste
 i - 2 potions of magic
 j - a potion of berserk rage
Comestibles
 f - a bread ration


   Skills:
 O Level 27 Fighting
 O Level 27 Axes
 O Level 27 Throwing
 O Level 27 Armour
 O Level 27 Dodging
 O Level 27 Stealth
 O Level 27 Unarmed Combat
 O Level 27 Spellcasting
 O Level 27 Invocations


You had 80 spell levels left.
You didn't know any spells.

Dungeon Overview and Level Annotations

Branches:
Dungeon (1/1)

Altars:
Makhleb


Innate Abilities, Weirdness & Mutations

You have hooves in place of feet.
Armour fits poorly on your strangely shaped body.
You cover ground very quickly.
You have extremely tough skin. (AC +3)


Message History

* * * LOW HITPOINT WARNING * * *
The eight-headed meat hydra calls on the powers of darkness!
The eight-headed meat hydra convulses!
The scourge convulses!
Your body is wracked with pain!
* * * LOW HITPOINT WARNING * * *
You hit the large abomination.
You butcher the large abomination messily.
You destroy the large abomination!
Makhleb accepts your kill.
You feel better.
You feel sick.
The meat beast shouts, "I will feast on thy lungs!"
The observer gazes at you. Something smites you!
* * * LOW HITPOINT WARNING * * *
The dread throws damnation at you.
The sphere of damnation explodes!
The damnation engulfs you!
* * * LOW HITPOINT WARNING * * *
The dread throws damnation at you.
The sphere of damnation explodes!
The damnation engulfs you!
You die...

################
####...%...........
####.%.%......).......
####%.%%......##.##.#####
####...)))...%..............
####......)%)####)...%##.##....
#.........))#)))))W............
#.....%...)..#.)@)....).#.#....
#............#.)†)W2ox.).......
#.......###.%.#...z..))).......
#.....###.....G#.%SWL)).).O%...
#....#..)...........W)))..%....
#........#..........%)))..%....
#......p..#........#...D..%#...
#............#.....#%......# ..
#..O......#......###.......###.


You could see a meat beast, a tyrant, an eight-headed meat hydra, an observer
(invisible), a scourge, a sculptor of flesh, 4 dreads, a bag of meat and a
crawling corpse.

Vanquished Creatures
  4 hell knights (D)
  8 hell beasts (D)
  Edmund (D)
  7 greater mummies (D)
  5 great orbs of eyes (D)
  6 wraiths (D)
  10 vampire knights (D)
  36 ogres (D)
  5 two-headed ogres (D)
  3 hydras (D)
  68 orcs (D)
  5 phantoms (D)
  3 skeletal warriors (D)
  5 sea snakes (D)
  13 large abominations (D)
  2 small abominations (D)
  7 crawling corpses (D)
188 creatures vanquished.

Notes
Turn   | Place    | Note
-------+----------+-------------------------------------------
     0 | D        | Kidiri the Centaur Gladiator began the quest for the Orb.
     0 | D        | Reached XP level 1. HP: 17/17 MP: 1/1
     4 | D        | Became a worshipper of Makhleb the Destroyer
     5 | D        | Noticed a bag of meat
     7 | D        | Noticed a bag of meat
     8 | D        | Noticed a bag of meat
     9 | D        | Noticed a bag of meat
     9 | D        | Noticed a meat berserker
     9 | D        | Noticed a bag of meat
     9 | D        | Noticed a bag of meat
    10 | D        | Noticed a bag of meat
    10 | D        | Noticed a bag of meat
    10 | D        | Noticed a bag of meat
    11 | D        | Noticed a large bag of meat
    11 | D        | Noticed a bag of meat
    12 | D        | Killed a bag of meat
    12 | D        | Reached XP level 2. HP: 45/45 MP: 1/8
    12 | D        | Reached XP level 3. HP: 51/51 MP: 1/10
    12 | D        | Reached XP level 4. HP: 59/59 MP: 1/11
    12 | D        | Reached XP level 5. HP: 66/66 MP: 1/13
    12 | D        | Reached XP level 6. HP: 73/73 MP: 1/14
    12 | D        | Reached XP level 7. HP: 80/80 MP: 1/15
    12 | D        | Reached XP level 8. HP: 88/88 MP: 1/16
    12 | D        | Reached XP level 9. HP: 94/94 MP: 1/17
    12 | D        | Reached XP level 10. HP: 102/102 MP: 1/18
    12 | D        | Reached XP level 11. HP: 108/108 MP: 1/19
    13 | D        | Noticed a bag of meat
    13 | D        | Noticed a bag of meat
    13 | D        | Noticed a bag of meat
    13 | D        | Noticed a bag of meat
    13 | D        | Noticed a meat berserker
    13 | D        | Noticed a meat berserker
    13 | D        | Killed a meat berserker
    13 | D        | Reached * piety under Makhleb
    13 | D        | Reached XP level 12. HP: 117/125 MP: 1/22
    13 | D        | Reached XP level 13. HP: 124/132 MP: 1/23
    13 | D        | Killed a bag of meat
    13 | D        | Reached XP level 14. HP: 135/144 MP: 1/25
    14 | D        | Noticed a bag of meat
    14 | D        | Noticed a bag of meat
    14 | D        | Noticed a meat berserker
    14 | D        | Killed a bag of meat
    14 | D        | Reached skill level 15 in Armour
    14 | D        | Reached skill level 15 in Dodging
    14 | D        | Reached skill level 15 in Invocations
    14 | D        | Killed a bag of meat
    14 | D        | Reached ** piety under Makhleb
    14 | D        | Reached XP level 15. HP: 122/155 MP: 1/27
    15 | D        | Noticed a meat berserker
    15 | D        | Reached *** piety under Makhleb
    15 | D        | Reached XP level 16. HP: 170/170 MP: 1/29
    16 | D        | Killed a meat berserker
    16 | D        | Reached XP level 17. HP: 184/184 MP: 2/31
    17 | D        | Noticed a meat berserker
    17 | D        | Killed a large bag of meat
    17 | D        | Reached **** piety under Makhleb
    17 | D        | Killed a meat berserker
    17 | D        | Reached skill level 27 in Fighting
    17 | D        | Reached XP level 18. HP: 200/200 MP: 2/33
    18 | D        | Noticed a meat berserker
    18 | D        | Killed a meat berserker
    18 | D        | Reached ***** piety under Makhleb
    18 | D        | Reached skill level 27 in Axes
    18 | D        | Reached XP level 19. HP: 207/207 MP: 2/35
    19 | D        | Noticed a meat berserker
    19 | D        | Noticed a meat berserker
    19 | D        | Noticed a large bag of meat
    20 | D        | Killed a meat berserker
    21 | D        | Reached skill level 27 in Armour
    21 | D        | Reached skill level 27 in Dodging
    21 | D        | Reached skill level 27 in Invocations
    21 | D        | Reached skill level 1 in Stealth
    21 | D        | Reached skill level 1 in Unarmed Combat
    21 | D        | Reached skill level 1 in Spellcasting
    21 | D        | Reached XP level 20. HP: 216/216 MP: 2/37
    22 | D        | Reached skill level 5 in Stealth
    22 | D        | Reached skill level 5 in Spellcasting
    22 | D        | Reached skill level 10 in Unarmed Combat
    23 | D        | Reached ****** piety under Makhleb
    23 | D        | Reached skill level 10 in Spellcasting
    24 | D        | Reached skill level 15 in Throwing
    24 | D        | Reached skill level 10 in Stealth
    24 | D        | Killed a meat berserker
    24 | D        | Reached XP level 21. HP: 224/224 MP: 3/38
    25 | D        | Noticed a destroyer
    26 | D        | Reached skill level 15 in Stealth
    26 | D        | Reached XP level 22. HP: 233/233 MP: 3/45
    27 | D        | Killed a destroyer
    27 | D        | Reached skill level 27 in Throwing
    27 | D        | Reached skill level 27 in Unarmed Combat
    29 | D        | Noticed a destroyer
    29 | D        | Noticed a large bag of meat
    29 | D        | Killed a large bag of meat
    29 | D        | Reached XP level 23. HP: 192/240 MP: 4/51
    32 | D        | Killed a destroyer
    32 | D        | Reached skill level 27 in Spellcasting
    32 | D        | Reached skill level 27 in Stealth
    42 | D        | Reached XP level 24. HP: 249/249 MP: 7/54
    45 | D        | Noticed a destroyer
    47 | D        | Noticed an accursed
    50 | D        | Noticed a destroyer
    50 | D        | Noticed an accursed
    51 | D        | Killed a destroyer
    57 | D        | Noticed a destroyer
    58 | D        | Killed an accursed
    60 | D        | Reached XP level 25. HP: 215/257 MP: 11/54
    62 | D        | Killed a destroyer
    63 | D        | Reached XP level 26. HP: 266/266 MP: 12/54
    64 | D        | Killed a large bag of meat
    65 | D        | Noticed a destroyer
    65 | D        | Reached XP level 27. HP: 273/273 MP: 13/54
    68 | D        | Noticed an accursed
    68 | D        | Noticed a dread
    68 | D        | Killed an accursed
    69 | D        | Killed a destroyer
    70 | D        | Noticed a large bag of meat
    72 | D        | Noticed a meat beast
    73 | D        | Killed a destroyer
    78 | D        | Killed a dread
    78 | D        | Killed a meat beast
    81 | D        | Noticed a meat beast
    81 | D        | Killed a large bag of meat
    85 | D        | Killed a meat beast
    85 | D        | Killed an accursed
    91 | D        | Noticed an accursed
    92 | D        | Killed an accursed
    97 | D        | Noticed a destroyer
   103 | D        | Noticed a dread
   103 | D        | Noticed a large bag of meat
   108 | D        | Noticed The Defiler
   113 | D        | Noticed a destroyer
   114 | D        | Noticed a dread
   114 | D        | Noticed a destroyer
   114 | D        | Killed a large bag of meat
   114 | D        | Killed a destroyer
   115 | D        | Killed The Defiler
   115 | D        | Killed a destroyer
   116 | D        | Killed a dread
   117 | D        | Killed a dread
   120 | D        | Killed a destroyer
   122 | D        | Noticed a dread
   127 | D        | Noticed a fleshlord
   131 | D        | Killed a fleshlord
   133 | D        | Noticed a meat beast
   134 | D        | Noticed an accursed
   134 | D        | Noticed a fleshlord
   134 | D        | Noticed a fleshlord
   134 | D        | Noticed a fleshlord
   134 | D        | Noticed an accursed
   135 | D        | Noticed an accursed
   135 | D        | Noticed a dread
   136 | D        | Noticed a meat beast
   136 | D        | Noticed a meat beast
   136 | D        | Killed a meat beast
   138 | D        | Noticed a meat beast
   138 | D        | Noticed a dread
   139 | D        | Noticed a fleshlord
   141 | D        | Killed a meat beast
   141 | D        | Killed a fleshlord
   143 | D        | Noticed a meat beast
   143 | D        | Killed a meat beast
   143 | D        | Killed a fleshlord
   144 | D        | Noticed a meat beast
   145 | D        | Noticed a dread
   146 | D        | Killed a meat beast
   146 | D        | Killed a meat beast
   148 | D        | Killed a dread
   148 | D        | Killed a meat beast
   149 | D        | Killed an accursed
   151 | D        | Noticed a dread
   151 | D        | Killed an accursed
   151 | D        | Killed an accursed
   152 | D        | Noticed a destroyer
   153 | D        | Killed a fleshlord
   154 | D        | Killed a dread
   155 | D        | Noticed a dread
   156 | D        | Noticed a dread
   157 | D        | Noticed a tyrant
   160 | D        | Killed a dread
   161 | D        | Killed a destroyer
   162 | D        | Noticed a meat beast
   162 | D        | HP: 13/273 [??? (11)]
   163 | D        | Killed from afar by a dread

Vault maps used:
D:        meatsprint

Skill      XL: |  1  2  3  4  5  6  7  8  9 10 11 12 13 14 15 16 17 18 19 20 21 22 23 |
---------------+----------------------------------------------------------------------+-----
Fighting       | 13 17 18 20 22 24 27 | 27.0
Axes           | 13 16 17 18 21 23 25 27 | 27.0
Armour         | 11 13 14 16 18 20 21 24 27 | 27.0
Dodging        | 11 14 16 18 20 22 24 27 | 27.0
Invocations    | 11 13 14 16 18 20 22 24 27 | 27.0
Throwing       | 3 18 25 27 | 27.0
Stealth        | 1 12 17 22 27 | 27.0
Unarmed Combat | 1 17 23 27 | 27.0
Spellcasting   | 1 13 19 24 27 | 27.0

Action                   |  1- 3 |  4- 6 |  7- 9 | 10-12 | 13-15 | 16-18 | 19-21 | 22-24 | 25-27 || total
-------------------------+-------+-------+-------+-------+-------+-------+-------+-------+-------++-------
Melee: Executioner's axe |     1 |       |       |     1 |     2 |     3 |     6 |     8 |    64 ||    85
Invok: Greater Servant o |       |       |       |       |       |       |       |     1 |     1 ||     2
  Use: Scroll            |       |       |       |       |       |       |       |       |     1 ||     1
       Potion            |       |       |       |       |       |       |       |       |     1 ||     1
 Stab: Distracted        |       |       |       |       |       |       |       |       |     1 ||     1
Armor: Leather armour    |       |       |       |       |       |       |       |       |     5 ||     5
Dodge: Dodged            |       |       |       |       |       |     1 |     1 |     1 |    13 ||    16
